 Dungeon Crawl Stone Soup version 0.17-a0-1979-g1c74939 (webtiles) character file.

298 mrath the Ducker (level 6, -4/48 HPs)
             Began as a Merfolk Hunter on Oct 5, 2015.
             Slain by Edmund
             ... wielding a +3 flail of venom
              (10 damage)
             ... on level 4 of the Dungeon.
             The game lasted 00:47:23 (4915 turns).

mrath the Ducker (Merfolk Hunter)                   Turns: 4915, Time: 00:47:23

Health: -4/48      AC:  6    Str: 12    XL:     6   Next: 36%
Magic:  6/6        EV: 14    Int: 10    God:
Gold:   179        SH:  0    Dex: 17    Spells: 0 memorised, 5 levels left

rFire  . . .     SeeInvis .     v - +1 dagger (speed)
rCold  . . .     Clarity  .     d - +0 leather armour
rNeg   . . .     SustAt   .     (no shield)
rPois  .         Gourm    .     h - +1 helmet
rElec  .         Spirit   .     (no cloak)
rCorr  .         Warding  .     t - +0 pair of gloves
rMut   .         Stasis   .     (no boots)
MR     .....                    (no amulet)
Stlth  ++........               (no ring)
                                (no ring)

@: lethally poisoned (-4 -> -39), slowed, very slow, not resistant to hostile
enchantments, unstealthy
A: change form in water, swift swim
a: no special abilities


You were on level 4 of the Dungeon.
You were hungry.

You visited 1 branch of the dungeon, and saw 4 of its levels.

You collected 179 gold pieces.

Inventory:

Hand Weapons
 a - a +1 hunting sling
 c - a +0 short sword
 k - a +0 mace
 l - a +0 spear
 v - a +1 dagger of speed (weapon)
Missiles
 p - 45 stones (quivered)
 q - 39 sling bullets
 r - 2 throwing nets
Armour
 d - a +0 leather armour (worn)
 h - a +1 helmet (worn)
 t - a +0 pair of gloves (worn)
Jewellery
 g - an uncursed ring of teleportation
Wands
 m - a wand of slowing (24)
 w - a wand of disintegration (10)
Scrolls
 f - 2 scrolls of identify
 i - 2 scrolls of immolation
 j - a scroll of amnesia {unknown}
 n - a scroll of remove curse
 o - a scroll of enchant armour {unknown}
 s - a scroll of teleportation {unknown}
Potions
 u - a potion of heal wounds
Comestibles
 b - a chunk of flesh
 e - 3 bread rations
 x - a slice of pizza


   Skills:
 + Level 3.9 Fighting
 + Level 2.3 Short Blades
 + Level 4.0 Slings
 + Level 4.5 Dodging
 + Level 3.4 Stealth


You had 5 spell levels left.
You didn't know any spells.

Dungeon Overview and Level Annotations

Branches:
Dungeon (4/15)
 Temple: D:4-7

Altars:
Qazlal
Ru

Shops:
D:4 (

Annotations:
D:4 Edmund


Message History

* * * LOW HITPOINT WARNING * * *
You feel very sick.
You hit Edmund.
Edmund is heavily wounded.
* * * LOW HITPOINT WARNING * * *
You feel sick.
Edmund zaps a wand.
You resist with some effort.
You hit Edmund.
Edmund is heavily wounded.
* * * LOW HITPOINT WARNING * * *
You feel sick.
Edmund grinds his teeth, and then sighs.
Edmund hits you with a flail of venom.
* * * LOW HITPOINT WARNING * * *
You are more poisoned.
You hit Edmund but do no damage.
Edmund is heavily wounded.
* * * LOW HITPOINT WARNING * * *
You feel very sick. Edmund hits you with a flail of venom!
You die...

#### ##..$..
#+###........
#........
..(# ......#
#. .#(####
......#
#.#.#(#.##
......#
....(..#
#.....#
#.##@#
#.....#
#...@#
......#
#.####
..†...# #.#
......# #.#
......####
#.#
.........#
#.#
8..∩..8..#
#.#
....<....#
#.#
##...##.##
#.#


You could see Edmund.

Vanquished Creatures
  An ogre (D:3)
  Jessica (D:2)
  A worker ant (D:3)
  A hound skeleton (D:4)
  Robin (D:2)
  3 adders (D:3)
  6 worms
  2 orcs (D:3)
  A ball python (D:3)
  4 giant cockroaches
  21 goblins
  11 hobgoblins
  9 jackals
  2 quokkas (D:3)
  6 bats
  2 giant geckos (D:1)
  6 giant newts
  12 kobolds
  9 rats
99 creatures vanquished.

Vanquished Creatures (others)
  A worker ant zombie (D:4)
1 creature vanquished.

Grand Total: 100 creatures vanquished

Notes
Turn   | Place    | Note
--------------------------------------------------------------
     0 | D:1      | mrath the Merfolk Hunter began the quest for the Orb.
     0 | D:1      | Reached XP level 1. HP: 16/16 MP: 1/1
     2 | D:1      | Noticed a naga
     4 | D:1      | Noticed a vampire
     4 | D:1      | Noticed a spriggan
     6 | D:1      | Noticed a dwarf
     9 | D:1      | Noticed a centaur
    11 | D:1      | Noticed an ogre
    11 | D:1      | Noticed a formicid
    13 | D:1      | Noticed a minotaur
    15 | D:1      | Noticed a draconian
    15 | D:1      | Noticed a tengu
    17 | D:1      | Noticed a merfolk
    19 | D:1      | Noticed a ghoul
    19 | D:1      | Noticed a gargoyle
    21 | D:1      | Noticed a human
    21 | D:1      | Noticed a demigod
    23 | D:1      | Noticed a troll
    23 | D:1      | Noticed a demonspawn
    25 | D:1      | Noticed an octopode
    25 | D:1      | Noticed a vine stalker
    27 | D:1      | Noticed an elf
    27 | D:1      | Noticed a felid
   293 | D:1      | Reached XP level 2. HP: 21/23 MP: 2/2
   843 | D:1      | Reached XP level 3. HP: 28/28 MP: 3/3
  1204 | D:2      | Found a sacrificial altar of Ru.
  1434 | D:2      | Noticed Jessica
  1440 | D:2      | Killed Jessica
  1440 | D:2      | Reached XP level 4. HP: 26/35 MP: 4/4
  1668 | D:2      | Noticed Robin
  2066 | D:2      | Killed Robin
  3169 | D:3      | Reached XP level 5. HP: 41/41 MP: 5/5
  3287 | D:3      | Reached skill level 4 in Dodging
  3517 | D:3      | Noticed an ogre
  3656 | D:3      | Reached skill level 1 in Short Blades
  3984 | D:4      | Noticed an ogre
  3988 | D:4      | Found Esash's Antique Weapon Shoppe.
  4001 | D:4      | Noticed a phantom
  4011 | D:4      | Found a stormy altar of Qazlal.
  4057 | D:3      | HP: 1/41 [worker ant (5)]
  4432 | D:3      | Killed an ogre
  4432 | D:3      | Reached XP level 6. HP: 48/48 MP: 6/6
  4888 | D:4      | Noticed Edmund
  4915 | D:4      | Slain by Edmund

Vault maps used:
D:1:      kb_arrival_jail, minivault_23, st_stairs_4, serial_park_tiny_1,
          serial_bayou_crossing
D:2:      nicolae_ru_the_path_less_chosen, uniq_robin, uniq_jessica
D:4:      grunt_qazlal_clouds, lemuel_doored_altar, serial_shops, shop_statue,
          minmay_misc_feat_tiny, hangedman_abyss_or_decor_slice, uniq_edmund

Action                   |  1- 3 |  4- 6 || total
-------------------------+-------+-------++-------
Melee: Short sword       |    44 |   149 ||   193
       Dagger            |       |    43 ||    43
 Fire: Hunting sling     |    76 |   113 ||   189
  Use: Scroll            |       |     4 ||     4
 Stab: Distracted        |       |     1 ||     1
  Eat: Chunk             |     2 |     5 ||     7
       Meat ration       |       |     1 ||     1
